 Dungeon Crawl Stone Soup version 0.31-a0-321-g19405a7a6a (webtiles) character file.

Game seed: 3603095927107054171

82 SleepySteel the Ruffian (level 5, -1/61 HPs)
             Began as a Meteoran Shapeshifter on July 18, 2023.
             Slain by an orc warrior
             ... wielding a +1 antimagic scimitar
              (6 damage)
             ... on level 3 of the Dungeon.
             The game lasted 00:06:45 (959 turns).

SleepySteel the Ruffian (Meteoran Shapeshifter)      Turns: 959, Time: 00:06:45

Health: -1/61      AC: 22    Str: 17    XL:     5   Next: 1%
Magic:  1/6        EV:  2    Int:  9    God:
Gold:   70         SH:  0    Dex: 16    Spells: 4/4 levels left

rFire   . .          .
                       - Unarmed
rCold   . . .        (no shield)
rNeg    . . .        a - melded +0 animal skin
rPois   +            (helmet currently unavailable)
rElec   .            (cloak currently unavailable)
rCorr   .            (gloves currently unavailable)
SInv    +            (boots currently unavailable)
Will    .....        (no amulet)
Stlth   +            t - ring of see invisible
HPRegen 0.30/turn    (no ring)
MPRegen 0.10/turn

%: no passive effects
@: tree-form, glowing
A: stationary, stasis, torment immunity, boosted hp, sense surroundings 1,
otherworldly, glowing, explore regen
a: no special abilities


You were on level 3 of the Dungeon.
You were a tree.
You visited 1 branch of the dungeon, and saw 4 of its levels.

You collected 70 gold pieces.

Inventory:

Missiles
 d - 30 stones
 g - 3 poisoned darts
Armour
 a - a +0 animal skin (melded)
Jewellery
 t - a ring of see invisible (left branch)
Talismans
 c - a beast talisman
Scrolls
 h - a scroll of enchant armour {unknown}
 k - a scroll of poison {unknown}
 l - a scroll of fear {unknown}
 m - a scroll of blinking {unknown}
 n - a scroll of fog {unknown}
 o - 2 scrolls of identify
 p - a scroll of vulnerability {unknown}
 s - a scroll of noise {unknown}
Potions
 e - a potion of cancellation {unknown}
 f - 2 potions of enlightenment
 i - a potion of berserk rage {unknown}
 q - a potion of brilliance {unknown}
 r - a potion of degeneration {unknown}


   Skills:
 - Level 2.1 Fighting
 - Level 2.4 Dodging
 * Level 5.5 Unarmed Combat
 - Level 3.6 Shapeshifting


You had 4 spell levels left.
You didn't know any spells.
Your spell library contained the following spells:

 Spells                   Type           Power      Damage    Failure   Level
 Sublimation of Blood     Necr           0%         N/A       52%         2
 Wereblood                Tmut           0%         N/A       52%         2
 Summon Hydra             Summ           0%         N/A       100%        7


Dungeon Overview and Level Annotations

Branches:
Dungeon (4/15) Zot: 1443
 Temple: D:4-7

Altars:

Shops:
D:2 =*[[

Annotations:
D:3 1 transporter, lunkers's ghost, amateur MeSh


Innate Abilities, Weirdness & Mutations

You are a tree.
Your roots penetrate the ground, keeping you stationary.
You cannot be teleported.
You are immune to unholy pain and torment.
Your maximum health is greatly increased.
Your equipment is partially melded.
You passively map a small area around you.
You are easily found by Zot.
You glow in the dark.
You regain HP and MP as you explore.


Message History

You hit the orc warrior but do no damage.
The orc warrior is severely wounded.
The orc hits you but does no damage.
The orc warrior hits you with a +1 antimagic scimitar!
* * * LOW HITPOINT WARNING * * *
You closely miss the orc warrior.
The orc warrior is severely wounded.
The orc warrior hits you with a +1 antimagic scimitar.
* * * LOW HITPOINT WARNING * * *
The orc hits you but does no damage.
You barely miss the orc warrior.
The orc warrior is severely wounded.
The orc hits you but does no damage.
The orc warrior hits you with a +1 antimagic scimitar.
* * * LOW HITPOINT WARNING * * *
Okay, then.
Okay, then.
You closely miss the orc warrior.
The orc warrior is severely wounded.
The orc hits you but does no damage.
The orc warrior hits you but does no damage.
You barely miss the orc warrior.
The orc warrior is severely wounded.
The orc hits you but does no damage.
The orc warrior hits you but does no damage.
You hit the orc warrior but do no damage.
The orc warrior is heavily wounded.
The orc hits you but does no damage.
The orc warrior hits you but does no damage.
You hit the orc warrior.
The orc warrior is severely wounded.
The orc warrior hits you with a +1 antimagic scimitar.
* * * LOW HITPOINT WARNING * * *
The orc hits you but does no damage.
You hit the orc warrior but do no damage.
The orc warrior is severely wounded.
You barely miss the orc warrior.
The orc warrior is severely wounded.
The orc warrior hits you with a +1 antimagic scimitar.
You die...

.#..### #.###......)..#####
....######.....####........#
.......#....#* #........#
...##....##.### ###.......##
.........##...####..........##
.##.....o.##....#..##........###
........>.##........#......#...##
..#............##o#........##....
..............Jo♣...#.#..........
.........[.....####......####....
#.........###### ####...# #....
#.........# ##### #....
###.......# #.... #.......# #####
#########


You could see an orc warrior, an orc and an endoplasm.

Vanquished Creatures
  A hound (D:4)
  An adder (D:3)
  A worm (D:3)
  2 bats
  4 endoplasms
  4 giant cockroaches
  5 goblins
  4 hobgoblins (D:2)
  2 jackals (D:2)
  A kobold (D:2)
  3 quokkas
  A ball python (D:2)
  A frilled lizard (D:3)
  3 rats
33 creatures vanquished.

Notes
Turn   | Place    | Note
-------+----------+-------------------------------------------
     0 | D:1      | SleepySteel the Meteoran Shapeshifter began the quest for
                  | the Orb.
     0 | D:1      | Reached XP level 1. HP: 17/17 MP: 2/2
    57 | D:1      | Reached skill level 3 in Unarmed Combat
    57 | D:1      | Reached XP level 2. HP: 20/24 MP: 3/3
   201 | D:2      | Found Mol Pausifuo's Jewellery Shop.
   201 | D:2      | Found Viunaz's General Store.
   227 | D:2      | Found Deytat's Armour Shop.
   235 | D:2      | Found Cabat's Antique Armour Shoppe.
   270 | D:2      | Reached XP level 3. HP: 12/29 MP: 4/4
   469 | D:2      | Reached skill level 4 in Unarmed Combat
   739 | D:4      | HP: 1/29 [hound (5)]
   741 | D:4      | Reached skill level 5 in Unarmed Combat
   741 | D:4      | Reached XP level 4. HP: 2/36 MP: 5/5
   753 | D:3      | Found a transporter.
   882 | D:3      | Reached XP level 5. HP: 16/41 MP: 6/6
   903 | D:3      | Noticed an orc warrior
   916 | D:3      | Noticed lunkers's ghost (amateur MeSh)
   959 | D:3      | Slain by an orc warrior

Illustrated notes

Levels and vault maps discovered:
D:1:      dpeg_arrival_arbitrary_b, layout_basic,
          chequers_serial_rivers_small_a, minmay_rat_gold_closets
D:2:      layout_rooms, serial_shops, shop, shop_statue, shop, shop,
          hex_intersection
D:3:      layout_rooms, gammafunk_ghost_smash, minmay_surrounded,
          uniq_crazy_yiuf_cottage
D:4:      layout_loops_ring, minmay_ogre_servants

Skill      XL: |  1  2  3 |
---------------+----------+-----
Unarmed Combat | 3 5 |  5.5
Fighting       | |  2.1
Dodging        | |  2.4
Shapeshifting  | |  3.6

Action                     |  1- 3 |  4- 6 || total
---------------------------+-------+-------++-------
  Melee: Unarmed           |    72 |    38 ||   110
         Punch             |     2 |       ||     2
    Use: Scroll            |       |     2 ||     2
         Potion            |       |     2 ||     2
 Armour: Animal skin       |    10 |     6 ||    16
         Skin              |       |    14 ||    14
  Dodge: Dodged            |    29 |     6 ||    35

Table legend: (Time is in decaauts)
 A = Elapsed time spent in this place.
 B = Non-inter-level travel time spent in this place.
 C = Inter-level travel time spent in this place.
 D = Time resting spent in this place.
 E = Time spent auto-exploring this place.
 F = Levels seen in this place.
 G = Mean time per level.
                   A        B        C        D        E       F      G
               +--------+--------+--------+--------+--------+-----+--------+
         Total |    955 |    955 |      0 |    156 |      1 |   4 |  238.8 |
       Dungeon |    955 |    955 |      0 |    156 |      1 |   4 |  238.8 |
               +--------+--------+--------+--------+--------+-----+--------+

Top non-repeatable levels by time:
     D:2: 454 daAuts
     D:3: 329 daAuts
     D:1: 149 daAuts
     D:4: 22 daAuts
